 Dungeon Crawl Stone Soup version 0.27-a0-1105-g946c659c87 (webtiles) character file.

Game seed: 3365827936235562544

14 kae the Skirmisher (level 2, 11/24 HPs)
             Began as a Demonspawn Abyssal Knight on Apr 29, 2021.
             Was an Initiate of Lugonu.
             Quit the game on level 1 of the Dungeon.
             The game lasted 00:00:16 (1084 turns).

kae the Skirmisher (Demonspawn Abyssal Knight)      Turns: 1084, Time: 00:00:17

Health: 11/24      AC:  3    Str: 12    XL:     2   Next: 31%
Magic:  4/4        EV: 11    Int: 13    God:    Lugonu [......]
Gold:   101        SH:  0    Dex: 12    Spells: 1/1 levels left

rFire    . . .     SeeInvis .   a - +1 falchion
rCold    . . .     Faith    .   (no shield)
rNeg     . . .     Spirit   .   b - +0 leather armour
rPois    .         Reflect  .   (no helmet)
rElec    .         Harm     .   (no cloak)
rCorr    .         Rampage  .   (no gloves)
Will     .....                  (no boots)
Stlth    +.........             (no amulet)
HPRegen  0.08/turn              (no ring)
MPRegen  0.09/turn              (no ring)

@: no status effects
A: demonic magic 1
a: Renounce Religion


You were on level 1 of the Dungeon.
You worshipped Lugonu.
Lugonu was noncommittal.
You visited 1 branch of the dungeon, and saw 1 of its levels.
You visited the Abyss 1 time.

You collected 101 gold pieces.

Inventory:

Hand Weapons
 a - a +1 falchion (weapon)
Armour
 b - a +0 leather armour (worn)
Scrolls
 c - a scroll of teleportation {unknown}
 d - a scroll of identify {unknown}


   Skills:
 + Level 3.1 Fighting
 * Level 2.1 Long Blades
 + Level 2.0 Armour
 + Level 1.1 Dodging
 + Level 2.6 Invocations


You had one spell level left.
You didn't know any spells.
Your spell library contained the following spells:

 Spells                   Type           Power      Damage    Failure   Level
 Summon Small Mammal      Summ           0%         N/A       36%         1
 Call Imp                 Summ           0%         N/A       52%         2
 Call Canine Familiar     Summ           0%         N/A       75%         3
 Summon Guardian Golem    Hex/Summ       0%         N/A       75%         3
 Summon Ice Beast         Ice/Summ       0%         N/A       98%         4
 Summon Lightning Spire   Summ/Air       0%         N/A       98%         4


Dungeon Overview and Level Annotations

Branches:
Dungeon (1/15)

Altars:


Innate Abilities, Weirdness & Mutations

Spells you cast may paralyse adjacent enemies.


Message History

You miss the bat. The bat barely misses you.
You riposte.
You miss the bat. You miss the bat. The bat hits you but does no damage.
There are monsters nearby!
You hit the bat but do no damage. The bat closely misses you.
The bat hits you but does no damage.
You closely miss the bat.
The bat closely misses you. x2; You riposte.
You closely miss the bat. The bat hits you but does no damage. x2
There are monsters nearby!
You closely miss the bat. The bat closely misses you.
The bat barely misses you.
A quokka comes into view.
The goblin hits you with a +0 club.
You hit the bat.
You kill the bat!
Lugonu accepts your kill. The bat hits you but does no damage.
The goblin barely misses you.
There are monsters nearby!
You closely miss the goblin. The bat barely misses you. The goblin misses you.
The goblin barely misses you.
You barely miss the quokka. The bat closely misses you.
The quokka bites you but does no damage.
The goblin closely misses you.
There are monsters nearby!
You hit the quokka but do no damage. The bat hits you but does no damage.
The quokka completely misses you. The goblin closely misses you.
The quokka bites you.
You miss the quokka.
The bat hits you. x2; The goblin hits you with a +0 club.
The quokka closely misses you. The bat hits you but does no damage.
There are monsters nearby!
You are too injured to fight recklessly!
You are too injured to fight recklessly!
There are monsters nearby!
You are too injured to fight recklessly!
You are too injured to fight recklessly!
There are monsters nearby!
You are too injured to fight recklessly!
You are too injured to fight recklessly!
There are monsters nearby!
Okay, then.
Are you sure you want to abandon this character and quit the game? (Confirm with "yes".)

#..###)###..
#.##(.#(...#
#..##.#.#.##
##....###..#
####..#...#
########...#.#
..........##.#####
###..........)...#
.....####.######@#
......#
#......brg#
......#
########..#
....#.# #..#
....#.# ...#
....#.# ....
....#.# #..#
......# ....
###.#.#


You could see a quokka, a goblin and a bat.

Vanquished Creatures
  An endoplasm (D:1)
  A giant cockroach (D:1)
  4 jackals (D:1)
  A ball python (D:1)
  A bat (D:1)
  A frilled lizard (D:1)
  3 kobolds (D:1)
  2 rats (D:1)
14 creatures vanquished.

Notes
Turn   | Place    | Note
-------+----------+-------------------------------------------
     0 | Abyss:1  | kae the Demonspawn Abyssal Knight began the quest for the
                  | Orb.
     0 | Abyss:1  | Reached XP level 1. HP: 18/18 MP: 2/2
   126 | Abyss:1  | Noticed a small abomination
   127 | Abyss:1  | Noticed an ancient zyme
   130 | D:1      | Escaped the Abyss
   382 | D:1      | Reached skill level 1 in Dodging
   391 | D:1      | Gained mutation: Spells you cast may paralyse adjacent
                  | enemies. [demonic ancestry]
   391 | D:1      | Reached XP level 2. HP: 11/24 MP: 3/3
  1084 | D:1      | Quit the game

Illustrated notes

Levels and vault maps discovered:
D:1:      dpeg_arrival_houses_and_road, layout_loops_ring,
          ebering_ecumenical_altar_mist, minmay_hexomino_u4

Skill      XL: |  1  2 |
---------------+-------+-----
Dodging        | 1 |  1.1
Long Blades    | 2 |  2.1
Armour         | 2 |  2.0
Fighting       | |  3.1
Invocations    | |  2.6

Action                   || total
-------------------------++-------
Melee: Falchion          ||    38
Invok: Depart the Abyss  ||     1
Armor: Leather armour    ||    21
Dodge: Dodged            ||    39
       Rpst.: Falchion   ||    12

Table legend: (Time is in decaauts)
 A = Elapsed time spent in this place.
 B = Non-inter-level travel time spent in this place.
 C = Inter-level travel time spent in this place.
 D = Time resting spent in this place.
 E = Time spent auto-exploring this place.
 F = Levels seen in this place.
 G = Mean time per level.
                   A        B        C        D        E       F      G
               +--------+--------+--------+--------+--------+-----+--------+
         Total |   1091 |   1091 |      0 |      0 |   1015 |   2 |  545.5 |
       Dungeon |    961 |    961 |      0 |      0 |    889 |   1 |  961.0 |
         Abyss |    130 |    130 |      0 |      0 |    126 |   1 |  130.0 |
               +--------+--------+--------+--------+--------+-----+--------+

Top non-repeatable levels by time:
     D:1: 961 daAuts
 Abyss:1: 130 daAuts
